 Dungeon Crawl Stone Soup version 0.31-a0-1589-g8f5e8aebd6 (webtiles) character file.

Game seed: 7583849672584669810

111 Flugslaktarn the Apothecary (level 4, -3/27 HPs)
             Began as an Octopode Alchemist on Jan 6, 2024.
             Slain by a kobold
             ... wielding a +0 short sword
              (5 damage)
             ... on level 4 of the Dungeon.
             The game lasted 00:00:50 (414 turns).

Flugslaktarn the Apothecary (Octopode Alchemist)     Turns: 414, Time: 00:00:51

Health: -3/27      AC:  1    Str:  7    XL:     4   Next: 92%
Magic:  2/8        EV: 13    Int: 19    God:
Gold:   57         SH:  0    Dex: 12    Spells: 8/9 levels left

rFire   . . .        e - +0 dagger
rCold   . . .        (no shield)
rNeg    . . .        (helmet restricted)
rPois   .            (no amulet)
rElec   .            (no ring)
rCorr   .            (no ring)
SInv    .            (no ring)
Will    .....        (no ring)
Stlth   +++          (no ring)
HPRegen 0.24/turn    (no ring)
MPRegen 0.11/turn    (no ring)
                     (no ring)

%: no passive effects
@: slowed, very slow
A: almost no armour, amphibious, 8 rings, camouflage 1, gelatinous body 1,
(nimble swimmer 1), tentacles
a: no special abilities


You were on level 4 of the Dungeon.
You visited 1 branch of the dungeon, and saw 4 of its levels.

You collected 57 gold pieces.

Inventory:

Hand Weapons
 e - a +0 dagger (weapon)
   (You took it off a kobold on level 2 of the Dungeon)
Scrolls
 c - a scroll of amnesia {unknown}
 f - a scroll of fear {unknown}
 h - a scroll of torment {unknown}
Potions
 a - a potion of magic
 b - a potion of degeneration {unknown}
 d - 2 potions of curing {unknown}
 g - a potion of haste {unknown}


   Skills:
 - Level 2.0 Dodging
 - Level 2.6 Stealth
 + Level 3.0 Spellcasting
 - Level 1.0 Conjurations
 * Level 5.2 Alchemy


You had 8 spell levels left.
You knew the following spells:

 Your Spells              Type           Power      Damage    Failure   Level
a - Sting                 Conj/Alch      56%        1d6       4%          1

Your spell library contained the following spells:

 Spells                   Type           Power      Damage    Failure   Level
 Mercury Vapours          Alch/Air       24%        N/A       8%          2
 Olgreb's Toxic Radiance  Alch           22%        N/A       17%         4
 Mephitic Cloud           Conj/Alch/Air  10%        N/A       19%         3
 Sticky Flame             Fire/Alch      12%        2d5       45%         4


Dungeon Overview and Level Annotations

Branches:
Dungeon (4/15)
 Temple: D:4-7

Altars:
Uskayaw


Innate Abilities, Weirdness & Mutations

You cannot wear most types of armour.
You are amphibious.
You can wear up to eight rings at the same time.
Your skin changes colour to match your surroundings (Stealth+).
Your rubbery body absorbs attacks. (AC +1, EV +1)
((You are camouflaged when in or above water. (Stealth+)))
You have tentacles for arms and can constrict up to eight enemies at once.


Message History

You see here a ball python corpse.
You feel sick.
You are no longer poisoned.
An endoplasm comes into view.
An endoplasm is nearby!
Casting: Sting (safe; 4% risk of failure)
Confirm with . or Enter, or press ? or * to list all spells.
Aiming: Sting (safe; 4% risk of failure)
Press: ? - help, Shift-Dir - straight line, f - endoplasm
Aim: an endoplasm (98% to hit)
The sting hits the endoplasm.
The endoplasm partially resists.
The endoplasm is heavily wounded.
Casting: Sting (safe; 4% risk of failure)
Confirm with . or Enter, or press ? or * to list all spells.
Aiming: Sting (safe; 4% risk of failure)
Press: ? - help, Shift-Dir - straight line, f/p - endoplasm
Aim: an endoplasm (heavily wounded, 98% to hit)
The sting hits the endoplasm.
The endoplasm partially resists.
The endoplasm is severely wounded.
The endoplasm barely misses you.
You hit the endoplasm.
You kill the endoplasm!
No target in view!
A kobold and a hound come into view.
The hound barks!
There are monsters nearby!
Casting: Sting (safe; 4% risk of failure)
Confirm with . or Enter, or press ? or * to list all spells.
Aiming: Sting (safe; 4% risk of failure)
Press: ? - help, Shift-Dir - straight line, f - hound
Aim: a hound (60% to hit)
The sting hits the hound.
The hound is poisoned.
The hound is lightly wounded.
The kobold shouts!
Natasha, Servant of Life and Death comes into view.
The kobold throws a stone.
The stone closely misses you.
Casting: Sting (safe; 4% risk of failure)
Confirm with . or Enter, or press ? or * to list all spells.
Aiming: Sting (safe; 4% risk of failure)
Press: ? - help, Shift-Dir - straight line, f/p - hound
Aim: a hound (moderately wounded, poisoned, 60% to hit)
The sting hits the hound.
The hound looks even sicker.
The hound is heavily wounded.
Natasha hisses angrily.
The hound bites you. The hound closely misses you.
Natasha mumbles some strange words.
You feel disoriented. The hound attacks as it pursues you! The hound bites you.
The hound closely misses you. The hound attacks as it pursues you!
The hound misses you. The hound misses you.
Natasha growls.
The hound attacks as it pursues you! The hound bites you.
The hound closely misses you. The hound attacks as it pursues you!
The hound closely misses you. The hound completely misses you.
Casting: Sting (safe; 4% risk of failure)
Confirm with . or Enter, or press ? or * to list all spells.
Aiming: Sting (safe; 4% risk of failure)
Press: ? - help, Shift-Dir - straight line, f/p - hound
Aim: a hound (almost dead, poisoned, 60% to hit)
The sting hits the hound.
The hound looks even sicker.
You kill the hound!
Natasha casts a spell at you.
You feel yourself slow down.
Your Alchemy skill increases to level 5!
Unknown command.
You closely miss Natasha. Your grab misses Natasha. Natasha claws you.
You hit Natasha. Your grab misses Natasha. You squeeze Natasha!
Natasha is severely wounded.
Natasha claws you. x2
You barely miss Natasha. Your grab misses Natasha.
Natasha is severely wounded.
Natasha claws you.
Casting: Sting (safe; 4% risk of failure)
Confirm with . or Enter, or press ? or * to list all spells.
Aiming: Sting (safe; 4% risk of failure)
Press: ? - help, Shift-Dir - straight line, f - Natasha
Aim: Natasha (severely wounded, 64% to hit)
The sting hits Natasha.
Natasha is poisoned.
Natasha is almost dead.
Natasha claws you.
* * * LOW HITPOINT WARNING * * *
Natasha closely misses you.
You hit Natasha. Your grab misses Natasha.
Natasha is almost dead.
You kill Natasha!
Natasha screams in pain as she dies!
Your Spellcasting skill increases to level 3!
Unknown command.
You hit the kobold. Your grab misses the kobold.
The kobold is moderately wounded.
The kobold hits you with a +0 short sword.
* * * LOW HITPOINT WARNING * * *
The kobold hits you but does no damage.
You hit the kobold but do no damage. Your grab misses the kobold.
Your squeeze misses the kobold.
The kobold is moderately wounded.
The kobold hits you with a +0 short sword.
You die...

###............#
#.............
#######.####.#.##
...........#.# #
##########.....#
#..........#...#
#.#......#.#...#.#
#.#......#K#.#...#
#.#......#@#.#....
#.#......#........
#.#......#<.......
#.#...............
#...............##
####....†.......+
#............#
#............#
#............#


You could see a kobold.

Vanquished Creatures
  A bombardier beetle (D:3)
  A hound (D:4)
  Natasha (D:4)
  An adder (D:4)
  An orc (D:3)
  2 ball pythons
  2 endoplasms
  2 giant cockroaches
  A goblin (D:3)
  3 kobolds
  4 bats
  A frilled lizard (D:1)
20 creatures vanquished.

Notes
Turn   | Place    | Note
-------+----------+-------------------------------------------
     0 | D:1      | Flugslaktarn the Octopode Alchemist began the quest for the
                  | Orb.
     0 | D:1      | Reached XP level 1. HP: 11/11 MP: 3/3
   225 | D:2      | Reached XP level 2. HP: 17/17 MP: 0/5
   265 | D:2      | Found a hide-covered altar of Uskayaw.
   277 | D:3      | Noticed a bombardier beetle
   284 | D:3      | Killed a bombardier beetle
   285 | D:3      | Reached skill level 4 in Alchemy
   285 | D:3      | Reached XP level 3. HP: 21/21 MP: 3/6
   365 | D:4      | Reached XP level 4. HP: 21/27 MP: 2/8
   395 | D:4      | Noticed Natasha
   408 | D:4      | Reached skill level 5 in Alchemy
   412 | D:4      | Killed Natasha
   414 | D:4      | Slain by a kobold

Illustrated notes

Levels and vault maps discovered:
D:1:      wander_arrival_peaceful_grave, layout_loops_cross, serial_shops, shop
D:2:      cheibrodos_fertilizer, layout_basic, basic_altar, serial_shops,
          nicolae_shop_real_fake_doors, shop, shop,
          nicolae_shop_temple_entry_statues_fountains, nicolae_shop_scrapyard,
          serial_rivers, chequers_serial_rivers_small_b,
          chequers_serial_rivers_small_3, chequers_serial_rivers_small_3,
          chequers_serial_rivers_room_a, chequers_serial_rivers_large_a,
          uniq_jessica, uniq_terence, uniq_crazy_yiuf_cottage
D:3:      layout_rooms, tgw_fedhas, serial_shops, nicolae_shop_scrapyard,
          minmay_snake_closets
D:4:      layout_basic, uniq_natasha

Skill      XL: |  1  2  3  4 |
---------------+-------------+-----
Alchemy        | 4 5 |  5.2
Spellcasting   | 3 |  3.0
Dodging        | |  2.0
Stealth        | |  2.6
Conjurations   | |  1.0

Action                     |  1- 3 |  4- 6 || total
---------------------------+-------+-------++-------
  Melee: Unarmed           |     3 |       ||     3
         Dagger            |    17 |     7 ||    24
         Constrict         |     2 |       ||     2
         Tentacles         |     1 |     1 ||     2
   Cast: Sting             |    18 |     6 ||    24
 Armour: Skin              |     7 |    11 ||    18
  Dodge: Dodged            |    17 |    10 ||    27

Table legend: (Time is in decaauts)
 A = Elapsed time spent in this place.
 B = Non-inter-level travel time spent in this place.
 C = Inter-level travel time spent in this place.
 D = Time resting spent in this place.
 E = Time spent auto-exploring this place.
 F = Levels seen in this place.
 G = Mean time per level.
                   A        B        C        D        E       F      G
               +--------+--------+--------+--------+--------+-----+--------+
         Total |    415 |    411 |      4 |      0 |    230 |   4 |  103.8 |
       Dungeon |    415 |    411 |      4 |      0 |    230 |   4 |  103.8 |
               +--------+--------+--------+--------+--------+-----+--------+

Top non-repeatable levels by time:
     D:1: 222 daAuts
     D:3: 76 daAuts
     D:4: 67 daAuts
     D:2: 49 daAuts
